AoeStats
← znlpyy

African Clearing

503796358Analyzed
3v3 RM · 1mo ago on Sep 2, 2026· 25m 4s· 6 players
Game mode
Random Map
Map size
Normal (6 player)
Population
200
Speed
Normal
Resources
Standard
Victory
Conquest
Starting age
Dark Age
Ending age
Imperial Age
RankedLock teamsTeams togetherTeam positionsShared explorationLock speedFull tech treeHidden civsTurbo modeCheats
Victory
Defeat
🇨🇳 Huns · China
1207
+16
🇨🇳 Magyars · China
1192
+16
🇨🇳 Goths · China
1163
+18
🇨🇳 Mongols · China
1258
-19
🇩🇪 Mongols · Germany
1201
-17
🇧🇾 Mongols · Belarus
1133
-14
2265138721
11:44 Feudal Age
10:00 Loom
12:43 Double-Bit Axe
14:12 Bloodlines
15:46 Scale Barding Armor
15:52 Forging
23:18 Castle Age
22:05 Fletching
22:18 Padded Archer Armor
24:19 Husbandry
23:45 Light Cavalry
24:45 Bow Saw
mipolin
11:20 Loom
13:06 Feudal Age
17:40 Castle Age
16:41 Double-Bit Axe
16:57 Stone Mining
18:53 Bow Saw
22:58 Corvinian Army
23:13 Horse Collar
25:40 Heavy Plow
znlpyy
14:00 Feudal Age
15:34 Man-at-Arms
18:18 Loom
20:47 Castle Age
Sergio Marquina
4:54 Loom
13:58 Feudal Age
22:48 Bloodlines
pickmyself or end
9:52 Loom
14:20 Feudal Age
PDP.dog
4:30 Loom
12:49 Feudal Age
14:06 Town Watch
14:16 Double-Bit Axe
Connection lost

Rejoining the realm…

Still unreachable

The connection could not be restored.

Session expired

The server has moved on; the page needs a fresh start.